 Dungeon Crawl Stone Soup version 0.31.0-11-ge490571c62 (webtiles) character file.

Game seed: 1676173834782792314

25 SnakkuSnakku7 the Ducker (level 3, -1/25 HPs)
             Began as a Merfolk Air Elementalist on Jan 30, 2024.
             Slain by an adder (2 damage)
             ... on level 1 of the Dungeon.
             The game lasted 00:01:33 (678 turns).

SnakkuSnakku7 the Ducker (Merfolk Air Elementalist)  Turns: 678, Time: 00:01:34

Health: -1/25      AC:  2    Str:  8    XL:     3   Next: 6%
Magic:  6/6        EV: 16    Int: 14    God:
Gold:   64         SH:  0    Dex: 16    Spells: 5/6 levels left

rFire   . . .        a - +0 sling
rCold   . . .        (no shield)
rNeg    . . .        d - +0 robe
rPois   .            (no helmet)
rElec   .            (no cloak)
rCorr   .            (no gloves)
SInv    .            (boots currently unavailable)
Will    .....        (no amulet)
Stlth   +++          (no ring)
HPRegen 0.24/turn    (no ring)
MPRegen 0.10/turn

%: no passive effects
@: very quick
A: nimble swimmer 2, mertail
a: no special abilities


You were on level 1 of the Dungeon.
You visited 1 branch of the dungeon, and saw 2 of its levels.

You collected 64 gold pieces.

Inventory:

Hand Weapons
 a - a +0 sling (weapon)
Armour
 d - a +0 robe (worn)
Jewellery
 e - a ring of poison resistance
Scrolls
 c - a scroll of identify
Potions
 b - a potion of magic
 f - 2 potions of heal wounds {unknown}


   Skills:
 - Level 0.4 Fighting
 + Level 2.0 Ranged Weapons
 - Level 2.6 Dodging
 - Level 2.1 Stealth
 - Level 2.0 Spellcasting
 - Level 0.7 Conjurations
 - Level 2.4 Air Magic


You had 5 spell levels left.
You knew the following spells:

 Your Spells              Type           Power      Damage    Failure   Level
a - Shock                 Conj/Air       20%        1d4       13%         1

Your spell library contained the following spells:

 Spells                   Type           Power      Damage    Failure   Level
 Static Discharge         Conj/Air       10%        3-4/arc   19%         2
 Swiftness                Air            8%         N/A       26%         3
 Airstrike                Air            4%         2d(1-17)  65%         4


Dungeon Overview and Level Annotations

Branches:
Dungeon (2/15)

Altars:


Innate Abilities, Weirdness & Mutations

You are very nimble when in or above water. (Stealth+, EV+, Speed+++)
Your lower body shifts to a powerful aquatic tail in water.


Message History

The adder bites you.
* * * LOW HITPOINT WARNING * * *
The adder attacks as it pursues you! The adder bites you.
* * * LOW HITPOINT WARNING * * *
You are lethally poisoned!
The adder poisons you! The adder barely misses you.
You feel better. The adder closely misses you.
The adder attacks as it pursues you! The adder bites you.
You are poisoned.
The adder poisons you!
You see here a hobgoblin corpse.
You feel sick. The adder bites you but does no damage.
Things that are here:
a +0 whip; a kobold corpse You feel sick.
The adder attacks as it pursues you! The adder bites you but does no damage.
You feel sick. The adder attacks as it pursues you!
The adder bites you but does no damage.
You feel sick.
You feel sick.
You are no longer poisoned.
The adder bites you but does no damage.
There is a stone staircase leading up here.
The adder bites you.
* * * LOW HITPOINT WARNING * * *
You are poisoned.
The adder poisons you!
You climb upwards.
* * * LOW HITPOINT WARNING * * *
You feel sick.
There is a stone staircase leading down here.
You feel sick. The adder bites you.
* * * LOW HITPOINT WARNING * * *
Your legs become a tail as you enter the water.
* * * LOW HITPOINT WARNING * * *
You feel sick.
You are no longer poisoned.
The adder misses you. The adder attacks as it pursues you! The adder bites you.
You die...

≈~.~~~♣♣..♣♣P~~~~~♣..#.# #.# #.
P~.P~~♣♣♣♣♣♣~~~)~~♣..#.# #.###.
~~.~~~♣♣ ♣♣♣~≈P~~~♣....#####.....
♣~.~~~~♣♣♣~≈P≈≈~~~♣.......######.
P~.~~~~~≈~~≈~≈≈≈~P♣..####.# ##
#♣.~~~~~~~~~~÷≈~~♣..## #.#
..)................># #.#
...~~≈≈≈~~~~~~~~~S.## #.#
.~~~~≈≈≈≈~≈~PP~~@♣.### #.#
.♣~~P~~≈≈~≈~~~~~~....# #.#######
..~P~~~≈≈≈≈P~~♣~...#.####........
#..~~~P~~≈~~♣♣♣###..........>.##.
##.#♣~~~~≈♣♣♣ ###.########.##.
.....♣~~~P♣ #.# #.... .###.#~~♣♣♣
#.# ##### #....##~♣ #.# #.
.######## #.# #.


You could see an adder.

Vanquished Creatures
  A dart slug (D:1)
  2 bats (D:1)
  3 endoplasms (D:1)
  A giant cockroach (D:2)
  2 goblins (D:1)
  2 hobgoblins
  3 jackals (D:1)
  2 kobolds
  A ball python (D:1)
  2 frilled lizards
  A rat (D:1)
20 creatures vanquished.

Notes
Turn   | Place    | Note
-------+----------+-------------------------------------------
     0 | D:1      | SnakkuSnakku7 the Merfolk Air Elementalist began the quest
                  | for the Orb.
     0 | D:1      | Reached XP level 1. HP: 13/13 MP: 3/3
   268 | D:1      | Reached skill level 1 in Ranged Weapons
   268 | D:1      | Reached XP level 2. HP: 20/20 MP: 5/5
   626 | D:2      | Reached XP level 3. HP: 25/25 MP: 6/6
   677 | D:1      | HP: 1/25 [poisoned by an adder]
   678 | D:1      | Slain by an adder

Illustrated notes

Levels and vault maps discovered:
D:1:      scummos_arrival_simple_fountains, layout_loops_ring,
          serial_bayou_lagoon_b
D:2:      layout_basic, serial_curves, eino_curves_01, eino_curves_03,
          serial_shops, shop

Skill      XL: |  1  2 |
---------------+-------+-----
Ranged Weapons | 1 2 |  2.0
Fighting       | |  0.4
Dodging        | |  2.6
Stealth        | |  2.1
Spellcasting   | |  2.0
Conjurations   | |  0.7
Air Magic      | |  2.4

Action                     || total
---------------------------++-------
  Melee: Unarmed           ||     6
   Fire: Sling             ||    67
   Cast: Shock             ||     2
    Use: Potion            ||     2
         Scroll            ||     1
 Armour: Robe              ||    42
  Dodge: Dodged            ||    48
